 Dungeon Crawl Stone Soup version 0.24.0-13-gcf9b319 (webtiles) character file.

Game seed: 15502816040978090651, levelgen mode: deterministic

33 Bronimir the Vexing (level 3, -4/20 HPs)
             Began as a Kobold Arcane Marksman on Mar 27, 2020.
             Slain by an adder (5 damage)
             ... on level 2 of the Dungeon.
             The game lasted 00:02:30 (1323 turns).

Bronimir the Vexing (Kobold Arcane Marksman)        Turns: 1323, Time: 00:02:30

Health: -4/20      AC:  2    Str:  8    XL:     3   Next: 47%
Magic:  5/5        EV: 15    Int: 14    God:
Gold:   6          SH:  0    Dex: 15    Spells: 2/5 levels left

rFire    . . .     SeeInvis .   a - +0 hand crossbow
rCold    . . .     Gourm    .   (shield restricted)
rNeg     . . .     Faith    .   e - +0 robe
rPois    .         Spirit   .   (no helmet)
rElec    .         Reflect  .   (no cloak)
rCorr    .         Harm     .   (no gloves)
MR       .....                  (no boots)
Stlth    +.........             (no amulet)
HPRegen  0.06/turn              (no ring)
MPRegen  0.09/turn              (no ring)

@: lethally poisoned (-4 -> -8)
A: small, carnivore
a: no special abilities


You were on level 2 of the Dungeon.
You were completely stuffed.

You visited 1 branch of the dungeon, and saw 2 of its levels.

You collected 6 gold pieces.

Inventory:

Hand Weapons
 a - a +0 hand crossbow (weapon)
 b - a +0 short sword
 g - a +0 hand axe
Missiles
 d - 30 bolts (quivered)
 i - 19 sling bullets
 j - 16 poisoned darts
 l - 13 stones
 m - 33 arrows
Armour
 e - a +0 robe (worn)
Scrolls
 h - 3 scrolls of identify {unknown}
 k - a scroll of remove curse {unknown}
 n - a scroll of amnesia {unknown}
 o - a scroll of enchant weapon {unknown}
Potions
 c - 2 potions of mutation {unknown}
Comestibles
 f - 4 rations


   Skills:
 + Level 1.3 Fighting
 * Level 3.3 Crossbows
 * Level 2.8 Dodging
 + Level 1.5 Spellcasting
 * Level 3.3 Hexes


You had 2 spell levels left.
You knew the following spells:

 Your Spells              Type           Power        Failure   Level  Hunger
a - Corona                Hex            ##.....      6%          1    ##.....
b - Slow                  Hex            ##......     10%         2    ###....

Your spell library contained the following spells:

 Spells                   Type           Power        Failure   Level  Hunger
 Inner Flame              Hex/Fire       #.......     36%         3    ####...
 Portal Projectile        Hex/Tloc       #.....       36%         3    ####...
 Cause Fear               Hex            ##........   54%         4    #####..
 Leda's Liquefaction      Hex/Erth       #.........   77%         4    #####..


Dungeon Overview and Level Annotations

Branches:
Dungeon (2/15)

Altars:


Innate Abilities, Weirdness & Mutations

You are small and have problems with some larger weapons.
You are carnivorous and can eat meat at any time.


Message History

Aim: an adder You shoot a bolt.
The bolt closely misses the adder.
The bolt hits the hobgoblin but does no damage.
The hobgoblin is moderately wounded.
The adder misses you.
Firing (i - inventory. (/) - cycle)
d - 32 bolts (quivered)
Press: ? - help, Shift-Dir - straight line, f/p - adder
Aim: an adder You shoot a bolt.
The bolt hits the adder!
The adder is almost dead.
The adder closely misses you. The adder completely misses you.
Firing (i - inventory. (/) - cycle)
d - 31 bolts (quivered)
Press: ? - help, Shift-Dir - straight line, f/p - adder
Aim: an adder (almost dead)
You shoot a bolt. The bolt barely misses the adder.
The bolt hits the hobgoblin.
You kill the hobgoblin!
* * * LOW HITPOINT WARNING * * *
You feel sick. The adder closely misses you. The adder bites you.
You die...

#...........##.#
#.##.....
#...#.w.....##.#
#....#...
###.....########.#
######.###. .....w###
#.# ####......###.
....>.#
#.###....####..##.
......# #.##..####
##..#. ......#
#....## ##.#.
###...############.##
#...
#....w...w.((S@..#
##..
#..##.....#..###.#
###
#....#....#......#
#.....#..#.†####.#
#.....###...# ###
#....###....#
#...#..#....#
#..#....#...#
#..#.....##.#


You could see a worm and an adder.

Vanquished Creatures
  A dart slug (D:2)
  A giant cockroach (D:1)
  4 goblins
  5 hobgoblins
  2 jackals (D:2)
  2 quokkas (D:2)
  A ball python (D:1)
  3 bats
  3 frilled lizards (D:1)
  5 kobolds
  2 rats
29 creatures vanquished.

Notes
Turn   | Place    | Note
-------+----------+-------------------------------------------
     0 | D:1      | Bronimir the Kobold Arcane Marksman began the quest for the
                  | Orb.
     0 | D:1      | Reached XP level 1. HP: 12/12 MP: 2/2
   341 | D:1      | Reached XP level 2. HP: 15/16 MP: 3/3
   862 | D:2      | Learned a level 2 spell: Slow
  1034 | D:2      | Reached XP level 3. HP: 20/20 MP: 1/4
  1112 | D:2      | Found a faded altar of an unknown god.
  1323 | D:2      | HP: 1/20 [poisoned by an adder]
  1323 | D:2      | Slain by an adder

Levels and vault maps discovered:
D:1:      minmay_arrival_radiant_lines, layout_loops_corners,
          minmay_misc_feat_ornament
D:2:      layout_rooms, lemuel_zombie_altar_yredelemnul, first_ration,
          chequers_ecumenical_altar_island, minmay_misc_feat_chi, st_stairs_8,
          nicolae_ru_sacrificial_ziggurat

Skill      XL: |  1  2 |
---------------+-------+-----
Crossbows      | 3 |  3.3
Fighting       | |  1.3
Dodging        | |  2.8
Spellcasting   | |  1.5
Hexes          | |  3.3

Action                   || total
-------------------------++-------
Melee: Short sword       ||    49
 Fire: Hand crossbow     ||    34
Throw: Dart              ||     3
 Cast: Slow              ||     1
  Eat: Chunk             ||    10
Armor: Robe              ||    16
Dodge: Dodged            ||    85
